AA
MYRTLE BEACH SHOREBIRDS @ SAN FRANCISCO SEALS
04/12/2060
 
TOP OF THE 1ST
San Francisco Seals batting - Pitching for Lawrence Patriots : RHP Wyatt McManus
Pitching: RHP Wyatt McManus
Batting: SHB Irv Macura 0-0: Ball
1-0: Ball
2-0: Foul Ball, location: 2F
2-1: Ball
3-1: Called Strike
3-2: DOUBLE (Flyball, 8RXD, EV 97.5 MPH)
Batting: RHB Kyle Phipps 0-0: Foul Ball, location: 2F
0-1: Ball
1-1: Ball
2-1: Foul Ball, location: 2F
2-2: Hit by Pitch
Batting: LHB Kyle Williams 0-0: Ball
1-0: Called Strike
1-1: Swinging Strike
1-2: Ball
2-2: Strikes out swinging
Batting: LHB Kurtis Schell 0-0: Foul Ball, location: 2F
0-1: Foul Ball, location: 2F
0-2: Ball
1-2: Strikes out swinging
Batting: RHB Colby Caudill 0-0: Called Strike
0-1: Foul Ball, location: 2F
0-2: Ball
1-2: Strikes out swinging
Top of the 1st over - 0 runs, 1 hit, 0 errors, 2 left on base; San Francisco 0 - Lawrence 0
BOTTOM OF THE 1ST
Lawrence Patriots batting - Pitching for San Francisco Seals : RHP Tom Bryant
Pitching: RHP Tom Bryant
Batting: RHB Garret Hoffman 0-0: Ball
1-0: Ball
2-0: Ball
3-0: Base on Balls
Batting: RHB Malik Donnell 0-0: Called Strike
Garret Hoffman steals 2nd base (no throw)
0-1: Foul Ball, location: 2F
0-2: Ball
1-2: Ball
2-2: Foul Ball, location: 2F
2-2: Ball
3-2: Ground out 4-3 (Groundball, 4, EV 87.5 MPH)
Garret Hoffman to third
Batting: LHB Kenny Jackson 0-0: Ball
1-0: Ball
2-0: Ball
3-0: Called Strike
3-1: Called Strike
3-2: Strikes out swinging
Batting: RHB Kyle Bays 0-0: Foul Ball, location: 2F
0-1: Called Strike
0-2: Foul Ball, location: 2F
0-2: Ball
1-2: 2-RUN HOME RUN (Flyball, 7D, EV 98.1 MPH), Distance : 399 ft
Batting: SHB Donovan Craven 0-0: Called Strike
0-1: Ball
1-1: DOUBLE (Line Drive, 89XD, EV 104.4 MPH)
Batting: RHB Lloyd Fair 0-0: Ground out U3 (Groundball, 34S, EV 85.0 MPH)
Bottom of the 1st over - 2 runs, 2 hits, 0 errors, 1 left on base; San Francisco 0 - Lawrence 2
TOP OF THE 2ND
San Francisco Seals batting - Pitching for Lawrence Patriots : RHP Wyatt McManus
Batting: SHB LaRon Pennicott 0-0: Called Strike
0-1: Swinging Strike
0-2: Ball
1-2: Ball
2-2: Foul Ball, location: 2F
2-2: Ball
3-2: Base on Balls
Batting: RHB Devon Roberson 0-0: Ball
1-0: Ball
2-0: Ball
3-0: Called Strike
3-1: Called Strike
3-2: Fly out, F7 (Flyball, 7, EV 84.4 MPH)
Batting: RHB Bailey Madry 0-0: Ball
1-0: Foul Ball, location: 2F
1-1: Foul Ball, location: 2F
1-2: Foul Ball, location: 2F
1-2: Grounds into double play, 6-4-3 (Groundball, 56, EV 92.5 MPH)
Top of the 2nd over - 0 runs, 0 hits, 0 errors, 0 left on base; San Francisco 0 - Lawrence 2
BOTTOM OF THE 2ND
Lawrence Patriots batting - Pitching for San Francisco Seals : RHP Tom Bryant
Batting: SHB Xavier Amaro 0-0: Called Strike
0-1: Ground out U3 (Groundball, 3, EV 109.4 MPH)
Batting: RHB Amani Hansen 0-0: Ground out 6-3 (Groundball, 6M, EV 86.2 MPH)
Batting: RHB Obie Simbolon 0-0: Ball
1-0: Called Strike
1-1: Swinging Strike
1-2: Strikes out swinging
Bottom of the 2nd over - 0 runs, 0 hits, 0 errors, 0 left on base; San Francisco 0 - Lawrence 2
TOP OF THE 3RD
San Francisco Seals batting - Pitching for Lawrence Patriots : RHP Wyatt McManus
Batting: RHB Simon Moody 0-0: Ball
1-0: Foul Ball, location: 2F
1-1: Called Strike
1-2: Ball
2-2: DOUBLE (Flyball, 8RXD, EV 101.2 MPH) - OUT at third base trying to stretch hit.
Batting: SHB Irv Macura 0-0: Swinging Strike
0-1: Ball
1-1: Fly out, F9 (Line Drive, 9LM, EV 90.6 MPH)
Batting: RHB Kyle Phipps 0-0: Foul Ball, location: 2F
0-1: Ball
1-1: Called Strike
1-2: Strikes out swinging
Top of the 3rd over - 0 runs, 1 hit, 0 errors, 0 left on base; San Francisco 0 - Lawrence 2
BOTTOM OF THE 3RD
Lawrence Patriots batting - Pitching for San Francisco Seals : RHP Tom Bryant
Batting: RHB Garret Hoffman 0-0: Ball
1-0: Ground out 5-3 (Groundball, 5S, EV 84.4 MPH)
Batting: RHB Malik Donnell 0-0: Ball
1-0: Called Strike
1-1: Foul Ball, location: 2F
1-2: SINGLE (Groundball, 4MD, EV 99.4 MPH)
Batting: LHB Kenny Jackson 0-0: Foul Ball, location: 2F
0-1: Swinging Strike
0-2: Ball
1-2: Foul Ball, location: 2F
1-2: Fly out, F9 (Flyball, 89M, EV 93.1 MPH)
Batting: RHB Kyle Bays 0-0: Ball
1-0: Swinging Strike
1-1: Single, Error in OF, E8, batter to second base (Groundball, 4D, EV 94.4 MPH)
Malik Donnell to third
Batting: SHB Donovan Craven 0-0: Ball
1-0: Ball
2-0: Swinging Strike
2-1: Called Strike
2-2: Foul Ball, location: 2F
2-2: Strikes out swinging
Bottom of the 3rd over - 0 runs, 2 hits, 1 error, 2 left on base; San Francisco 0 - Lawrence 2
TOP OF THE 4TH
San Francisco Seals batting - Pitching for Lawrence Patriots : RHP Wyatt McManus
Batting: LHB Kyle Williams 0-0: Called Strike
0-1: Swinging Strike
0-2: Ball
1-2: Strikes out swinging
Batting: LHB Kurtis Schell 0-0: Swinging Strike
0-1: Swinging Strike
0-2: Ball
1-2: Ball
2-2: Ball
3-2: Foul Ball, location: 2F
3-2: Foul Ball, location: 2F
3-2: Foul Ball, location: 2F
3-2: Strikes out swinging
Batting: RHB Colby Caudill 0-0: SOLO HOME RUN (Flyball, 78XD, EV 115.6 MPH), Distance : 443 ft
Batting: SHB LaRon Pennicott 0-0: Foul Ball, location: 2F
0-1: Called Strike
0-2: Ball
1-2: DOUBLE (Groundball, 3L, EV 104.4 MPH)
Batting: RHB Devon Roberson 0-0: Called Strike
0-1: Ball
1-1: Foul Ball, location: 2F
1-2: Ball
2-2: Strikes out swinging
Top of the 4th over - 1 run, 2 hits, 0 errors, 1 left on base; San Francisco 1 - Lawrence 2
BOTTOM OF THE 4TH
Lawrence Patriots batting - Pitching for San Francisco Seals : RHP Tom Bryant
Batting: RHB Lloyd Fair 0-0: Ground out 6-3 (Groundball, 6, EV 103.1 MPH)
Batting: SHB Xavier Amaro 0-0: Ball
1-0: Ball
2-0: Ball
3-0: Called Strike
3-1: Called Strike
3-2: Ground out 4-3 (Groundball, 4, EV 83.8 MPH)
Batting: RHB Amani Hansen 0-0: SINGLE (Groundball, 6MD, EV 101.2 MPH)
Batting: RHB Obie Simbolon 0-0: Ball
1-0: Ball
Wild Pitch!
Amani Hansen to second
2-0: Ball
3-0: Called Strike
3-1: Swinging Strike
3-2: Base on Balls
Batting: RHB Garret Hoffman 0-0: Ball
1-0: SINGLE (Groundball, 6M, EV 87.5 MPH) (infield hit)
Amani Hansen to third
Obie Simbolon to second
Pinch Runner at 1st LeVar Rais:
Batting: RHB Malik Donnell 0-0: Ball
1-0: Foul Ball, location: 2F
1-1: Foul Ball, location: 2F
1-2: Strikes out looking
Bottom of the 4th over - 0 runs, 2 hits, 0 errors, 3 left on base; San Francisco 1 - Lawrence 2
TOP OF THE 5TH
San Francisco Seals batting - Pitching for Lawrence Patriots : RHP Wyatt McManus
Now at 3B: LeVar Rais
Batting: RHB Bailey Madry 0-0: Foul Ball, location: 2F
0-1: Foul Ball, location: 2F
0-2: Strikes out swinging
Batting: RHB Simon Moody 0-0: Called Strike
0-1: Fly out, F7 (Flyball, 7S, EV 86.9 MPH)
Batting: SHB Irv Macura 0-0: Foul Ball, location: 2F
0-1: Ball
1-1: Ground out 4-3 (Groundball, 4, EV 87.5 MPH)
Top of the 5th over - 0 runs, 0 hits, 0 errors, 0 left on base; San Francisco 1 - Lawrence 2
BOTTOM OF THE 5TH
Lawrence Patriots batting - Pitching for San Francisco Seals : RHP Tom Bryant
Pitching: RHP Jeremy Fritzinger
Batting: LHB Kenny Jackson 0-0: Called Strike
0-1: Ball
1-1: Called Strike
1-2: Foul Ball, location: 2F
1-2: Ball
2-2: Strikes out swinging
Batting: RHB Kyle Bays 0-0: Called Strike
0-1: Ball
1-1: Called Strike
1-2: Foul Ball, location: 2F
1-2: Strikes out swinging
Batting: SHB Donovan Craven 0-0: Called Strike
0-1: Hit by Pitch
Batting: RHB Lloyd Fair 0-0: Called Strike
0-1: Ball
1-1: Swinging Strike
1-2: Strikes out swinging
Bottom of the 5th over - 0 runs, 0 hits, 0 errors, 1 left on base; San Francisco 1 - Lawrence 2
TOP OF THE 6TH
San Francisco Seals batting - Pitching for Lawrence Patriots : RHP Wyatt McManus
Batting: RHB Kyle Phipps 0-0: Ball
1-0: Foul Ball, location: 2F
1-1: Ball
2-1: Called Strike
2-2: SINGLE (Groundball, 34D, EV 96.2 MPH)
Batting: LHB Kyle Williams 0-0: Ground out 4-3 (Groundball, 34, EV 100.6 MPH)
Kyle Phipps to second
Batting: LHB Kurtis Schell 0-0: Called Strike
0-1: Ball
1-1: Foul Ball, location: 2F
1-2: Strikes out swinging
Batting: RHB Colby Caudill 0-0: Foul Ball, location: 2F
0-1: Foul Ball, location: 2F
0-2: Strikes out swinging
Top of the 6th over - 0 runs, 1 hit, 0 errors, 1 left on base; San Francisco 1 - Lawrence 2
BOTTOM OF THE 6TH
Lawrence Patriots batting - Pitching for San Francisco Seals : RHP Jeremy Fritzinger
Batting: SHB Xavier Amaro 0-0: Ball
1-0: Swinging Strike
1-1: Ball
2-1: Foul Ball, location: 2F
2-2: Foul Ball, location: 2F
2-2: Fly out, F7 (Flyball, 78M, EV 95.0 MPH)
Batting: RHB Amani Hansen 0-0: Fly out, F8 (Flyball, 8LM, EV 76.9 MPH)
Batting: RHB Obie Simbolon 0-0: Ground out 1-3 (Groundball, 34S, EV 67.5 MPH)
Bottom of the 6th over - 0 runs, 0 hits, 0 errors, 0 left on base; San Francisco 1 - Lawrence 2
TOP OF THE 7TH
San Francisco Seals batting - Pitching for Lawrence Patriots : RHP Wyatt McManus
Batting: SHB LaRon Pennicott 0-0: Ball
1-0: Foul Ball, location: 2F
1-1: Foul Ball, location: 2F
1-2: Ball
2-2: Ground out 6-3 (Groundball, 6M, EV 108.8 MPH)
Batting: RHB Devon Roberson 0-0: Fly out, F9 (Flyball, 9S, EV 93.1 MPH)
Batting: RHB Bailey Madry 0-0: Ball
1-0: Fly out, F8 (Flyball, 8RS, EV 88.8 MPH)
Top of the 7th over - 0 runs, 0 hits, 0 errors, 0 left on base; San Francisco 1 - Lawrence 2
BOTTOM OF THE 7TH
Lawrence Patriots batting - Pitching for San Francisco Seals : RHP Jeremy Fritzinger
Batting: RHB LeVar Rais 0-0: Called Strike
0-1: Ball
1-1: SINGLE (Flyball, 56D, EV 84.4 MPH)
Batting: RHB Malik Donnell 0-0: Bunted foul
0-1: Ball
1-1: Sac Bunt to 13 - play at second, runner OUT! 1-6
Pitching: LHP Elliot Denton
Batting: LHB Kenny Jackson 0-0: Ball
Malik Donnell is caught stealing 2nd base 2-6
1-0: Ground out 6-3 (Groundball, 56, EV 96.2 MPH)
Bottom of the 7th over - 0 runs, 1 hit, 0 errors, 0 left on base; San Francisco 1 - Lawrence 2
TOP OF THE 8TH
San Francisco Seals batting - Pitching for Lawrence Patriots : RHP Wyatt McManus
Pitching: LHP Kolby Wells
Batting: RHB Simon Moody 0-0: Foul Ball, location: 2F
0-1: Fly out, F8 (Flyball, 89M, EV 94.4 MPH)
Pinch Hitting: RHB Lee O'Connor 0-0: Ball
1-0: Fly out, F9 (Flyball, 9, EV 88.8 MPH)
Batting: RHB Kyle Phipps 0-0: Called Strike
0-1: Foul Ball, location: 2F
0-2: Strikes out swinging
Top of the 8th over - 0 runs, 0 hits, 0 errors, 0 left on base; San Francisco 1 - Lawrence 2
BOTTOM OF THE 8TH
Lawrence Patriots batting - Pitching for San Francisco Seals : LHP Elliot Denton
Pitching: RHP Spencer Springsteen
Now at SS: Jarod Henderson
Batting: RHB Kyle Bays 0-0: Swinging Strike
0-1: Fly out, F7 (Flyball, 78M, EV 91.2 MPH)
Batting: SHB Donovan Craven 0-0: Ball
1-0: Foul Ball, location: 2F
1-1: Ball
2-1: Swinging Strike
2-2: Ball
3-2: Strikes out swinging
Batting: RHB Lloyd Fair 0-0: SINGLE (Line Drive, 3D, EV 97.5 MPH)
Batting: SHB Xavier Amaro 0-0: Foul Ball, location: 2F
0-1: Called Strike
0-2: Ball
Wild Pitch!
Lloyd Fair to second
1-2: Foul Ball, location: 2F
1-2: Fly out, F8 (Flyball, 8LD, EV 93.8 MPH)
Bottom of the 8th over - 0 runs, 1 hit, 0 errors, 1 left on base; San Francisco 1 - Lawrence 2
TOP OF THE 9TH
San Francisco Seals batting - Pitching for Lawrence Patriots : LHP Kolby Wells
Pitching: RHP Theodore Hanger
Batting: LHB Kyle Williams 0-0: Foul Ball, location: 2F
0-1: Called Strike
0-2: Ground out 4-3 (Groundball, 4M, EV 107.5 MPH)
Batting: LHB Kurtis Schell 0-0: Called Strike
0-1: Ball
1-1: Ball
2-1: Called Strike
2-2: Strikes out looking
Batting: RHB Colby Caudill 0-0: Ball
1-0: Ball
2-0: SINGLE (Line Drive, 89S, EV 106.2 MPH)
Batting: SHB LaRon Pennicott 0-0: Called Strike
0-1: Ball
1-1: Ball
2-1: Foul Ball, location: 2F
2-2: Strikes out swinging
Top of the 9th over - 0 runs, 1 hit, 0 errors, 1 left on base; San Francisco 1 - Lawrence 2
Saturday, April 27th , 2024 - OOTP Baseball 23.10 Build 110